General information
- name: BNet
- type: Ladder team game (AT/RT)
- host: Battle.net
- saver: HoneyBlunt
map: Monsoon
- players: 6
- length: 18:24
- speed: Fast
- version: 1.23 W3XP
- replay type: Public
» download(113 KB)
Players
team 1 (winner)
GnR (
green | 83 APM | 1535 actions | 18:23)
5 Priestess of the Moon
2 Searing Arrows
3 Trueshot Aura
1 Keeper of the Grove
1 Entangling Roots
3 Naga Sea Witch
1 Frost Arrows
2 Forked Lightning
» actions
| Assign group hotkey | 35 | |
| Basic commands | 8 | |
| Build / train | 65 | |
| Enter build submenu | 28 | |
| Enter hero's abilities submenu | 11 | |
| Remove unit from queue | 4 | |
| Right click | 597 | |
| Select / deselect | 232 | |
| Select group hotkey | 514 | |
| Use ability | 41 | |
1535 total
» units
| Wisp | 20 | |
| Archer | 8 | |
| Druid of the Talon | 1 | |
| Chimaera | 9 | |
38 total
» upgrades
| Improved Bows | 1 | |
| Corrosive Breath | 1 | |
| Strength of the Wild | 1 | |
| Reinforced Hides | 2 | |
5 total
» buildings
| Altar of Elders | 1 | |
| Moon Well | 8 | |
| Ancient of War | 2 | |
| Hunter's Hall | 1 | |
| Ancient Protector | 1 | |
| Tree of Ages | 1 | |
| Tree of Life | 1 | |
| Ancient of Wind | 1 | |
| Tree of Eternity | 1 | |
| Chimaera Roost | 4 | |
| Ancient of Wonders | 1 | |
22 total
» build order
00:13 Altar of Elders
00:21 Moon Well
00:52 Ancient of War
01:37 Moon Well
02:13 Hunter's Hall
02:39 Moon Well
03:19 Ancient Protector
03:30 Tree of Ages
04:19 Moon Well
05:03 Tree of Life
06:59 Ancient of Wind
07:02 Tree of Eternity
09:22 Ancient of War
09:25 Chimaera Roost
09:27 Chimaera Roost
09:29 Chimaera Roost
09:35 Moon Well
09:38 Chimaera Roost
10:15 Moon Well
12:32 Moon Well
14:43 Moon Well
15:14 Ancient of Wonders
» items
| Scroll of Town Portal | 3 | |
| Scroll of Protection | 1 | |
4 total
HoneyBlunt (
purple | 96 APM | 1764 actions | 18:24)
4 Tauren Chieftain
2 War Stomp
2 Endurance Aura
4 Shadow Hunter
2 Hex
2 Healing Wave
» actions
| Assign group hotkey | 14 | |
| Basic commands | 28 | |
| Build / train | 54 | |
| Enter build submenu | 17 | |
| Enter hero's abilities submenu | 10 | |
| Remove unit from queue | 1 | |
| Right click | 1048 | |
| Select / deselect | 285 | |
| Select group hotkey | 224 | |
| Use ability | 83 | |
1764 total
» units
| Peon | 8 | |
| Grunt | 14 | |
| Troll Witch Doctor | 3 | |
| Tauren | 6 | |
31 total
» upgrades
| Melee Weapons | 1 | |
| Armor | 2 | |
| Berserker Strength | 1 | |
| Witch Doctor Training | 2 | |
| Reinforced Defenses | 1 | |
7 total
» buildings
| Altar of Storms | 1 | |
| Orc Burrow | 7 | |
| Barracks | 1 | |
| War Mill | 1 | |
| Voodoo Lounge | 1 | |
| Stronghold | 1 | |
| Watch Tower | 3 | |
| Spirit Lodge | 1 | |
| Fortress | 1 | |
| Tauren Totem | 1 | |
| Great Hall | 1 | |
19 total
» build order
00:18 Altar of Storms
00:22 Orc Burrow
00:33 Barracks
01:27 War Mill
01:37 Orc Burrow
02:18 Voodoo Lounge
03:57 Stronghold
04:20 Orc Burrow
06:46 Orc Burrow
06:55 Watch Tower
06:58 Watch Tower
07:09 Watch Tower
07:24 Spirit Lodge
08:59 Fortress
11:22 Tauren Totem
11:57 Orc Burrow
15:07 Orc Burrow
15:07 Orc Burrow
18:03 Great Hall
» items
| Scroll of Town Portal | 2 | |
| Healing Salve | 1 | |
3 total
Samaroth (
red | 39 APM | 710 actions | 18:23)
3 Keeper of the Grove
2 Entangling Roots
1 Thorns Aura
» actions
| Assign group hotkey | 9 | |
| Build / train | 41 | |
| Enter build submenu | 15 | |
| Enter hero's abilities submenu | 3 | |
| Give item / drop item | 1 | |
| Remove unit from queue | 2 | |
| Right click | 343 | |
| Select / deselect | 198 | |
| Select group hotkey | 42 | |
| Use ability | 56 | |
710 total
» units
| Wisp | 20 | |
| Archer | 6 | |
| Druid of the Talon | 5 | |
31 total
» buildings
| Moon Well | 7 | |
| Altar of Elders | 2 | |
| Ancient of War | 1 | |
| Tree of Ages | 1 | |
| Hunter's Hall | 1 | |
| Ancient of Wind | 1 | |
| Ancient of Wonders | 1 | |
| Ancient Protector | 2 | |
| Tree of Eternity | 1 | |
| Tree of Life | 1 | |
18 total
» build order
00:16 Moon Well
00:21 Altar of Elders
01:11 Ancient of War
01:33 Moon Well
03:02 Moon Well
03:28 Tree of Ages
04:09 Moon Well
05:00 Hunter's Hall
05:36 Moon Well
06:35 Ancient of Wind
06:45 Ancient of Wonders
07:22 Ancient Protector
07:23 Ancient Protector
09:20 Tree of Eternity
09:50 Moon Well
10:15 Moon Well
13:55 Tree of Life
14:02 Altar of Elders
» items
| Scroll of Town Portal | 1 | |
| Potion of Mana | 1 | |
| Potion of Healing | 1 | |
3 total
team 2 (loser)

»
Jekkel (
orange | 79 APM | 1459 actions | 18:23)
3 Paladin
2 Holy Light
1 Devotion Aura
1 Archmage
1 Blizzard
» actions
| Assign group hotkey | 27 | |
| Basic commands | 72 | |
| Build / train | 46 | |
| ESC pressed | 2 | |
| Enter build submenu | 24 | |
| Enter hero's abilities submenu | 4 | |
| Give item / drop item | 2 | |
| Right click | 614 | |
| Select / deselect | 280 | |
| Select group hotkey | 333 | |
| Use ability | 55 | |
1459 total
» units
| Peasant | 7 | |
| Rifleman | 13 | |
| Footman | 1 | |
| Priest | 1 | |
| Sorceress | 1 | |
| Dragonhawk Rider | 4 | |
| Flying Machine | 5 | |
32 total
» upgrades
» buildings
| Altar of Kings | 1 | |
| Farm | 10 | |
| Barracks | 1 | |
| Blacksmith | 1 | |
| Scout Tower | 1 | |
| Arcane Tower | 1 | |
| Keep | 1 | |
| Lumber Mill | 1 | |
| Arcane Vault | 1 | |
| Arcane Sanctum | 2 | |
| Workshop | 1 | |
| Gryphon Aviary | 2 | |
| Castle | 1 | |
| Town Hall | 1 | |
25 total
» build order
00:08 Altar of Kings
00:11 Farm
00:35 Barracks
01:15 Blacksmith
01:28 Farm
01:46 Scout Tower
02:27 Arcane Tower
03:06 Farm
03:52 Farm
04:42 Keep
04:47 Farm
04:50 Farm
04:51 Farm
06:24 Lumber Mill
06:28 Arcane Vault
10:08 Arcane Sanctum
10:11 Arcane Sanctum
11:27 Workshop
13:12 Gryphon Aviary
13:23 Gryphon Aviary
13:43 Farm
14:54 Farm
15:14 Castle
15:27 Farm
17:46 Town Hall
» items
| Scroll of Town Portal | 1 | |
| Potion of Lesser Invulnerability | 1 | |
| Scroll of Regeneration | 1 | |
| Potion of Healing | 1 | |
4 total

»
Raastar (
yellow | 48 APM | 876 actions | 18:16)
3 Death Knight
2 Death Coil
1 Unholy Aura
1 Lich
1 Frost Nova
1 Crypt Lord
1 Impale
» actions
| Assign group hotkey | 20 | |
| Basic commands | 41 | |
| Build / train | 37 | |
| Enter build submenu | 13 | |
| Enter hero's abilities submenu | 5 | |
| Give item / drop item | 1 | |
| Right click | 295 | |
| Select / deselect | 172 | |
| Select group hotkey | 248 | |
| Use ability | 43 | |
876 total
» units
| Acolyte | 3 | |
| Ghoul | 2 | |
| Crypt Fiend | 7 | |
| Obsidian Statue | 4 | |
| Gargoyle | 1 | |
17 total
» upgrades
| Web | 1 | |
| Creature Attack | 2 | |
| Destroyer Form | 1 | |
| Burrow | 1 | |
5 total
» buildings
| Crypt | 2 | |
| Ziggurat | 5 | |
| Graveyard | 1 | |
| Altar of Darkness | 1 | |
| Nerubian Tower | 1 | |
| Tomb of Relics | 1 | |
| Halls of the Dead | 1 | |
| Black Citadel | 1 | |
| Slaughterhouse | 2 | |
| Sacrificial Pit | 1 | |
16 total
» build order
00:11 Crypt
00:14 Ziggurat
00:39 Graveyard
01:05 Altar of Darkness
01:39 Ziggurat
02:10 Nerubian Tower
03:14 Tomb of Relics
04:13 Halls of the Dead
04:41 Ziggurat
05:27 Ziggurat
09:06 Black Citadel
09:25 Ziggurat
09:29 Slaughterhouse
09:32 Sacrificial Pit
11:01 Slaughterhouse
13:51 Crypt
» items
| Rod of Necromancy | 1 | |
| Dust of Appearance | 1 | |
| Potion of Healing | 1 | |
| Scroll of Town Portal | 1 | |
4 total
TheWrath (
pink | 58 APM | 1065 actions | 18:21)
3 Far Seer
1 Feral Spirit
2 Chain Lighting
3 Tauren Chieftain
2 Shockwave
1 Endurance Aura
» actions
| Assign group hotkey | 37 | |
| Basic commands | 29 | |
| Build / train | 57 | |
| ESC pressed | 1 | |
| Enter build submenu | 21 | |
| Enter hero's abilities submenu | 6 | |
| Right click | 319 | |
| Select / deselect | 234 | |
| Select group hotkey | 285 | |
| Use ability | 76 | |
1065 total
» units
| Peon | 7 | |
| Grunt | 9 | |
| Raider | 4 | |
| Troll Witch Doctor | 4 | |
| Troll Batrider | 13 | |
37 total
» upgrades
| Spiked Barricades | 1 | |
| Ensnare | 1 | |
| Witch Doctor Training | 2 | |
| Pillage | 1 | |
| Ranged Weapons | 1 | |
| Reinforced Defenses | 1 | |
7 total
» buildings
| Altar of Storms | 2 | |
| Orc Burrow | 4 | |
| Barracks | 2 | |
| Voodoo Lounge | 1 | |
| War Mill | 1 | |
| Stronghold | 1 | |
| Watch Tower | 2 | |
| Beastiary | 3 | |
| Spirit Lodge | 1 | |
| Fortress | 1 | |
| Tauren Totem | 1 | |
19 total
» build order
00:07 Altar of Storms
00:19 Orc Burrow
00:34 Barracks
01:23 Orc Burrow
01:57 Voodoo Lounge
02:42 Barracks
02:43 War Mill
03:41 Orc Burrow
04:02 Stronghold
04:45 Watch Tower
04:50 Watch Tower
06:33 Beastiary
06:48 Spirit Lodge
09:27 Orc Burrow
11:07 Fortress
13:34 Beastiary
16:16 Altar of Storms
17:51 Tauren Totem
18:08 Beastiary
» items
| Healing Salve | 1 | |
| Lesser Clarity Potion | 1 | |
| Scroll of Town Portal | 1 | |
3 total
Chat log
(00:08 / Allies) Samaroth: plan?
(00:38 / Allies) GnR: potm ranged
(01:01 / Allies) Samaroth: if no ud hipo chim for me
(01:11 / Allies) GnR: even with ud.. my chims own
(01:26 / Allies) Samaroth: yah but if tehy got 2 ud ^^
(01:40 / Allies) Samaroth: mass webs
(01:52 / Allies) GnR: u like my base?
(02:06 / Allies) Samaroth: korean base ^^
(03:57 / Allies) Samaroth: ud orc hum
(04:19 / Allies) Samaroth: riffle for hum
(05:41 / Allies) HoneyBlunt: bluevk
(06:44 / Allies) GnR: tower
(06:47 / Allies) HoneyBlunt: gold
(07:47 / Allies) HoneyBlunt: gold
(08:06 / Allies) GnR: the fs damnit
(08:09 / Allies) GnR: owned
(09:30 / Allies) GnR: if they hit
(09:31 / Allies) GnR: tp out
(09:33 / Allies) GnR: save youreslf
(10:19 / Allies) GnR: WOOD
(10:55 / Allies) HoneyBlunt: lost vs rush
(11:09 / Allies) GnR: TP OUT
(11:39 / Allies) GnR: fly them out
(11:40 / Allies) GnR: tp out
(12:02 / Allies) GnR: gold
(12:43 / Allies) GnR: ave my base
(13:41 / Allies) Samaroth: 100 gold for tree of life
(13:56 / Allies) Samaroth: ty
(14:00 / Allies) GnR: buy tp
(14:29 / Allies) HoneyBlunt: latar
(14:49 / Allies) HoneyBlunt: NOW
(15:08 / Allies) GnR: omw
(15:08 / Allies) GnR: wait
(15:30 / Allies) GnR: check
(15:44 / Allies) Samaroth: bestiaire
(15:55 / Allies) Samaroth: they mass bats
(16:08 / Allies) GnR: mass bats purple
(16:21 / Allies) HoneyBlunt: no tp for mwe
(16:32 / Allies) GnR: i have tp
(16:32 / Allies) GnR: im out
(16:34 / Allies) Samaroth: out
(17:59 / Allies) GnR: altar
(18:00 / Allies) GnR: gold red
(18:11 / All) Jekkel: gg
(18:13 / All) Raastar: gg
(18:16 / All) GnR: GG
(18:21 / All) HoneyBlunt: gg
(18:23 / Allies) Samaroth: gg guys